 Dungeon Crawl Stone Soup version 0.15.0-16-gce31824 (webtiles) character file.

99889 Johnny the Conjurer (level 15, -10/107 HPs)
             Began as a Demigod Fire Elementalist on Sept 5, 2014.
             Killed from afar by a deep elf sorcerer (42 damage)
             ... with a blast of hellfire
             ... on Level 3 of the Elven Halls on Sept 6, 2014.
             The game lasted 04:32:42 (46917 turns).

Johnny the Conjurer (Demigod Fire Elementalist)    Turns: 46917, Time: 04:32:43

HP -10/107       AC 22     Str 17      XL: 15   Next: 33%
MP  19/36        EV 21     Int 30 (34) God:
Gold 1220        SH  0     Dex 17      Spells:  9 memorised,  2 levels left

rFire  + + .     SeeInvis .     a - +9 cutlass (protect)
rCold  + . .     Clarity  +     R - +5 robe of Space {rF++ Int+1}
rNeg   . . .     rCorr    .     (no shield)
rPois  .         rRot     .     Z - +2 helmet {Int+3}
rElec  .         Spirit   .     L - +1 cloak "Zeas" {+Inv rC+ Curse}
SustAb .         Warding  .     i - +0 pair of gloves
rMut   .         Stasis   .     m - +2 pair of boots {Stlth+}
Gourm  .                        Y - amulet of clarity
MR     +....                    X - ring "Adecaneuss" {Str+4 Int+4}
                                P - ring of wizardry

@: somewhat resistant to hostile enchantments, stealthy
A: talons 1, weak 1, placid magic 1
a: Evoke Invisibility


You were on level 3 of the Elven Halls.
You were not hungry.

You visited 4 branches of the dungeon, and saw 27 of its levels.
You visited the Abyss 1 time.
You also visited: Sewer and Ossuary.

You collected 3235 gold pieces.
You spent 2015 gold pieces at shops.

Inventory:

Hand weapons
 a - a +9 cutlass of protection (weapon)
 l - the +12 falchion "Ytihump" {venom, +Blink +Rage rF+}
   (You found it on level 1 of the Abyss)

   It poisons the flesh of those it strikes.
   It protects you from fire.
   It lets you blink.
   It lets you go berserk.
Armour
 i - a +0 pair of gloves (worn)
 m - a +2 pair of boots of stealth (worn)
 L - the cursed +1 cloak "Zeas" (worn) {+Inv rC+ Curse}
   (You bought it in a shop on level 1 of the Elven Halls)

   It protects you from cold.
   It lets you turn invisible.
   It may recurse itself when equipped.
   It has a curse placed upon it.
 M - a +1 cloak of poison resistance
 R - the +5 robe of Space (worn) {rF++ Int+1}
   (You found it on level 1 of the Lair of Beasts)

   It affects your intelligence (+1).
   It greatly protects you from fire.
 W - a +0 mottled dragon armour
 Z - a +2 helmet of intelligence (worn)
Magical devices
 j - a wand of enslavement (13)
 n - a wand of digging (15)
 o - a wand of cold (0)
 s - a wand of slowing (10)
 v - a wand of polymorph (15)
 y - a wand of lightning (5)
 A - a wand of confusion (19)
Comestibles
 c - 6 bread rations
 g - a chunk of elf flesh
Scrolls
 e - 5 scrolls of amnesia
 k - a scroll of identify
 w - 4 scrolls of teleportation
 x - 12 scrolls of remove curse
 F - a scroll of recharging
Jewellery
 f - an uncursed amulet of stasis
 q - an uncursed amulet of guardian spirit
 r - an uncursed ring of teleportation
 P - a ring of wizardry (left hand)
 U - an uncursed ring of flight
 X - the ring "Adecaneuss" (right hand) {Str+4 Int+4}
   (You found it on level 11 of the Dungeon)

   [ring of strength]

   It affects your strength (+4).
   It affects your intelligence (+4).
 Y - an amulet of clarity (around neck)
Potions
 p - 3 potions of curing
 z - 8 potions of agility
 D - 3 potions of berserk rage
 H - 4 potions of brilliance
 I - a potion of cure mutation
 J - 6 potions of restore abilities
 T - 5 potions of might
Books
 b - a book of Flames

   Spells                             Type                      Level
   *Flame Tongue                      Conjuration/Fire             1
   Throw Flame                        Conjuration/Fire             2
   Conjure Flame                      Conjuration/Fire             3
   Inner Flame                        Hexes/Fire                   3
   *Sticky Flame                      Conjuration/Fire             4
   *Fireball                          Conjuration/Fire             5
 d - a book of Death

   Spells                             Type                      Level
   Corpse Rot                         Necromancy                   2
   Sublimation of Blood               Necromancy                   2
   Agony                              Necromancy                   5
   Dispel Undead                      Necromancy                   5
   Excruciating Wounds                Charms/Necromancy            5
   Bolt of Draining                   Conjuration/Necromancy       5
 t - a book of Maledictions

   Spells                             Type                      Level
   Corona                             Hexes                        1
   Sure Blade                         Hexes/Charms                 2
   Ensorcelled Hibernation            Hexes/Ice                    2
   Confuse                            Hexes                        3
   *Dazzling Spray                    Conjuration/Hexes            3
   Enslavement                        Hexes                        4
 u - a book of Clouds

   Spells                             Type                      Level
   Mephitic Cloud                     Conjuration/Poison/Air       3
   Conjure Flame                      Conjuration/Fire             3
   Poisonous Cloud                    Conjuration/Poison/Air       6
   *Freezing Cloud                    Conjuration/Ice/Air          6
   Ring of Flames                     Charms/Fire                  7
 C - a book of Control

   Spells                             Type                      Level
   Control Teleport                   Charms/Translocation         4
   Control Undead                     Necromancy                   4
   Enslavement                        Hexes                        4
   Metabolic Englaciation             Hexes/Ice                    5
   Mass Confusion                     Hexes                        6
 E - a book of Callings

   Spells                             Type                      Level
   Summon Small Mammal                Summoning                    1
   Call Imp                           Summoning                    2
   Call Canine Familiar               Summoning                    3
   Summon Guardian Golem              Hexes/Summoning              4
   *Summon Lightning Spire            Summoning/Air                4
   Summon Ice Beast                   Ice/Summoning                4
 G - a book of the Sky

   Spells                             Type                      Level
   Flight                             Charms/Air                   3
   Airstrike                          Air                          4
   Silence                            Hexes/Air                    5
   Deflect Missiles                   Charms/Air                   6
   Conjure Ball Lightning             Conjuration/Air              6
   Tornado                            Air                          9
 N - a book of Conjurations

   Spells                             Type                      Level
   *Magic Dart                        Conjuration                  1
   Searing Ray                        Conjuration                  2
   *Dazzling Spray                    Conjuration/Hexes            3
   Fulminant Prism                    Conjuration/Hexes            4
   Iskenderun's Mystic Blast          Conjuration                  4
   *Iskenderun's Battlesphere         Conjuration/Charms           5
 O - a book of Dreams

   Spells                             Type                      Level
   Ensorcelled Hibernation            Hexes/Ice                    2
   Flight                             Charms/Air                   3
   Phase Shift                        Translocation                5
   *Shadow Creatures                  Summoning                    5
   Mass Confusion                     Hexes                        6
   Darkness                           Hexes                        7
 S - a book of Unlife

   Spells                             Type                      Level
   Recall                             Summoning/Translocation      3
   Animate Dead                       Necromancy                   4
   Control Undead                     Necromancy                   4
   Twisted Resurrection               Necromancy                   5
   Death Channel                      Necromancy                   6
   Simulacrum                         Ice/Necromancy               6
 V - a book of Debilitation

   Spells                             Type                      Level
   Corona                             Hexes                        1
   Slow                               Hexes                        2
   Inner Flame                        Hexes/Fire                   3
   Enslavement                        Hexes                        4
   Cause Fear                         Hexes                        4
   Leda's Liquefaction                Hexes/Earth                  4
Miscellaneous
 K - a crystal ball of energy


   Skills:
 + Level 3.6 Fighting
 + Level 3.3 Short Blades
   Level 0.8 Polearms
 + Level 3.8 Armour
 * Level 11.7 Dodging
 + Level 5.1 Stealth
 * Level 11.4 Spellcasting
 * Level 11.8 Conjurations
 * Level 4.5 Hexes
 + Level 2.2 Charms
 * Level 4.4 Summonings
 + Level 9.8 Fire Magic
 + Level 2.3 Ice Magic
 + Level 6.5 Air Magic
   Level 4.5 Poison Magic
 * Level 4.0 Evocations


You had 2 spell levels left.
You knew the following spells:

 Your Spells              Type           Power        Failure   Level  Hunger
a - Magic Dart            Conj           ####         0%          1    None
b - Sticky Flame          Conj/Fire      ######..     1%          4    None
c - Dazzling Spray        Conj/Hex       #####...     1%          3    None
d - Fireball              Conj/Fire      ######....   1%          5    #......
e - Iskenderun's Battles  Conj/Chrm      #####...     1%          5    #......
f - Flame Tongue          Conj/Fire      #####        0%          1    None
g - Summon Lightning Spi  Summ/Air       ####....     1%          4    None
h - Freezing Cloud        Conj/Ice/Air   #####.....   7%          6    #####..
i - Shadow Creatures      Summ           N/A          3%          5    #......


Dungeon Overview and Level Annotations

Branches:
Dungeon (12/15)            Temple (0/1) D:4             Orc (4/4) D:12
    Elf (3/3) Orc:4          Lair (8/8) D:8          Shoals (0/5) Lair:5
  Snake (0/5) Lair:4        Slime (0/6) Lair:8

Shops:
Orc:2 !**([   Orc:4 }*!*:%(((   Elf:1 [

Annotations:
D:3 Grinder; letownia's ghost, average MfSk
Lair:5 Maud
Lair:6 Fannar


Innate Abilities, Weirdness & Mutations

You have sharp toenails.
You are weak. (Str -2)
Your spells are a little easier to cast, but a little less powerful.


Message History

Press: ? - help, Dir - move target cursor, f - deep elf fighter
Aim: a deep elf fighter, wielding a short sword (moderately wounded, friendly, summoned) Really fire at your deep elf fighter?
The deep elf high priest is engulfed in freezing vapours.
The deep elf high priest utters a dark prayer and points at you.
Your deep elf fighter's life force is offered up.
Your deep elf fighter dies!
Your deep elf fighter's corpse dissolves into shadows!
The deep elf high priest is healed.
Your deep elf priest is engulfed in freezing vapours.
Your deep elf conjurer is engulfed in freezing vapours.
Press: ? - help, v - describe, . - travel
Here: a deep elf sorcerer, wielding a long sword The floor.
Drink which item? (? for menu, Esc to quit)
Okay, then.
Your deep elf priest dissolves into shadows!
The deep elf sorcerer gestures at you while chanting.
The hellfire explodes!
The blast of hellfire engulfs you!
You die...

.....##..........................
#..).##.#######.#...############.
##.#..e.# #.#..eP######## ##
#.####.# #.#.....#.....##### *#.*
#4# #.................. ...####e#
#.............##### .....e.)#
#.............#####
#######.#######.#................
#§e§§§§§§e@...P############
################


You could see a deep elf sorcerer, a deep elf high priest and a friendly deep
elf conjurer.

Vanquished Creatures
  A deep elf blademaster (Elf:3)
  2 deep elf sorcerers (Elf:3)
  3 deep elf demonologists (Elf:3)
  2 deep elf annihilators (Elf:3)
  2 dire elephants (Lair:8)
  3 deep elf high priests (Elf:3)
  4 hydras
  Erica (Lair:7)
  3 orc high priests (Orc:4)
  6 death yaks (Lair:4)
  Urug (Orc:4)
  6 deep elf knights
  2 unseen horrors
  Erolcha (Orc:1)
  8 deep elf summoners
  5 deep elf conjurers
  2 hill giants (D:11)
  2 orc knights (Orc:4)
  An ugly thing (D:12)
  5 orc sorcerers
  3 griffons
  An oklob plant (Lair:7)
  A sixfirhy (Elf:3)
  9 elephants
  8 black mambas
  A queen ant (Lair:2)
  A torpor snail (Lair:3)
  15 spiny frogs
  An orange demon (Elf:3)
  A feature mimic (Lair:6)
  4 komodo dragons
  10 deep elf priests
  3 fire drakes
  3 raiju (Abyss:1)
  A polar bear (Lair:2)
  3 trolls
  11 blink frogs
  Prince Ribbit (D:4)
  A boulder beetle (Lair:7)
  A basilisk (Lair:5)
  A jumping spider (Elf:3)
  23 deep elf magi
  2 trapdoor spiders
  A redback (Elf:3)
  A spriggan (D:10)
  3 wyverns
  9 hippogriffs
  47 yaks
  A steam dragon (D:11)
  2 hill giant skeletons
  18 wolves
  20 soldier ants (Lair:2)
  A hungry ghost (D:8)
  14 water moccasins
  19 deep elf fighters
  A warg (Orc:3)
  18 orc warriors
  2 nagas (Lair:4)
  A phantom (D:11)
  Purgy (Sewer)
  12 ice beasts
  3 black bears
  12 porcupines
  8 sky beasts
  10 ogres
  A boring beetle (Lair:4)
  An orc skeleton (Orc:4)
  A necrophage (D:7)
  A yellow wasp (D:6)
  Sigmund (D:4)
  Duvessa (D:8)
  An elf zombie (Ossuary)
  16 crocodiles
  15 big kobolds
  Blork the orc (D:6)
  2 centaurs
  18 giant frogs
  3 scorpions
  12 killer bees
  A troll skeleton (D:11)
  A lava snake (Lair:7)
  2 electric eels
  Dowan (D:8)
  2 crimson imps
  2 jellies
  25 orc wizards
  A quasit (D:10)
  4 human zombies (Ossuary)
  15 orc priests
  10 hounds
  7 orange rats
  32 worker ants
  4 iguanas
  5 sheep
  A killer bee zombie (D:7)
  2 big kobold zombies (Ossuary)
  A hound zombie (Ossuary)
  3 mummies (Ossuary)
  4 gnolls (D:2)
  69 green rats
  32 adders
  A gnoll skeleton (D:5)
  2 shadow imps (D:6)
  5 giant mites
  A worm (D:2)
  3 adder zombies (Ossuary)
  4 giant geckos
  An ooze (D:2)
  109 orcs
  A bat zombie (D:6)
  7 giant cockroaches
  31 hobgoblins
  4 jackals (D:1)
  15 quokkas
  5 ball pythons
  13 bats
  A giant cockroach zombie (D:6)
  8 giant newts
  A giant spore (D:9)
  19 goblins
  3 goblin zombies (Ossuary)
  3 hobgoblin skeletons
  3 hobgoblin zombies (Ossuary)
  5 jackal zombies (Ossuary)
  40 kobolds
  5 kobold zombies (Ossuary)
  6 orc zombies
  A quokka zombie (Ossuary)
  16 rats
  4 rat zombies (Ossuary)
  2 ballistomycetes (D:9)
  2 bushes (Lair:7)
  3 butterflies (D:3)
  4 crawling corpses
  3 plants (Lair:8)
998 creatures vanquished.

Vanquished Creatures (collateral kills)
  Donald (Orc:4)
  A deep elf demonologist (Elf:3)
  A hydra (Lair:8)
  2 death yaks (Lair:4)
  An anaconda (Lair:8)
  2 thrashing horrors (Abyss:1)
  2 deep elf knights (Elf:2)
  A deep elf summoner (Elf:2)
  2 orc knights (Orc:4)
  2 deep elf conjurers
  An elephant (Lair:5)
  2 black mambas (Lair:6)
  A komodo dragon (Lair:4)
  A deep elf priest (Elf:3)
  A jumping spider (Elf:2)
  A troll (Orc:4)
  A blink frog (Lair:5)
  A deep elf mage (Elf:2)
  6 yaks
  Grum (Orc:2)
  A hippogriff (Lair:7)
  2 deep elf fighters
  2 neqoxecs (Abyss:1)
  4 wolves
  2 small abominations (Abyss:1)
  An orc warrior (Orc:4)
  A yellow wasp (D:10)
  A giant frog (Lair:5)
  2 orc priests (Orc:4)
  A giant frog skeleton (D:10)
  An orc wizard (Orc:4)
  An orange rat (Elf:2)
  4 green rats (Lair:4)
  A white imp (Abyss:1)
  5 ufetubi
  8 orcs
  A goblin skeleton (Orc:4)
  A fungus (Lair:8)
  A starspawn tentacle (Abyss:1)
71 creatures vanquished.

Vanquished Creatures (others)
  A starcursed mass (Abyss:1)
  3 large abominations (Abyss:1)
  2 deep elf knights (Elf:3)
  A deep elf conjurer (Elf:2)
  A faun (shapeshifter) (Elf:2)
  An air elemental (Abyss:1)
  5 deep elf magi
  3 deep elf fighters
  2 neqoxecs (Abyss:1)
  2 small abominations (Abyss:1)
  A quasit (Abyss:1)
  2 iron imps (Abyss:1)
  An orc wizard (Orc:4)
  An ufetubus (Abyss:1)
  18 lightning spires
  2 orcs
  28 fungi
  6 plants
  11 starspawn tentacles (Abyss:1)
  142 starspawn tentacle segments (Abyss:1)
233 creatures vanquished.

Grand Total: 1302 creatures vanquished

Notes
Turn   | Place    | Note
--------------------------------------------------------------
     0 | D:1      | Johnny, the Demigod Fire Elementalist, began the quest for the Orb.
     0 | D:1      | Reached XP level 1. HP: 14/14 MP: 3/3
   216 | D:1      | Reached skill level 3 in Fire Magic
   296 | D:1      | Reached XP level 2. HP: 17/20 MP: 2/4
  1253 | D:2      | Reached XP level 3. HP: 22/26 MP: 0/8
  1336 | D:2      | Reached skill level 1 in Conjurations
  1659 | D:2      | Reached XP level 4. HP: 28/34 MP: 1/10
  2397 | D:2      | Reached skill level 4 in Fire Magic
  2451 | D:2      | Learned a level 4 spell: Sticky Flame
  2550 | D:3      | Noticed letownia's ghost (average MfSk)
  3266 | D:3      | Reached XP level 5. HP: 39/39 MP: 10/12
  3964 | D:4      | Noticed Prince Ribbit
  4006 | D:3      | Noticed Grinder
  4231 | D:4      | Noticed Sigmund
  4277 | D:4      | Killed Sigmund
  4277 | D:4      | Reached XP level 6. HP: 46/46 MP: 6/16
  4284 | D:4      | Learned a level 5 spell: Fireball
  4336 | D:4      | Killed Prince Ribbit
  4336 | D:4      | Reached skill level 1 in Armour
  4336 | D:4      | Reached skill level 5 in Fire Magic
  4608 | D:4      | Noticed an ogre
  4814 | D:4      | Got a fine spear
  4815 | D:4      | Identified the +5 spear "Grim Tooth" {speed, rPois rN+} (You found it on level 4 of the Dungeon)
  4990 | D:4      | Killed an ogre
  4990 | D:4      | Reached skill level 1 in Fighting
  4990 | D:4      | Reached XP level 7. HP: 50/52 MP: 7/18
  5207 | D:4      | Found a staircase to the Ecumenical Temple.
  5296 | D:5      | Entered Level 5 of the Dungeon
  5478 | D:5      | Found a deep blue altar of Sif Muna.
  5482 | D:5      | Found a glowing silver altar of Zin.
  5483 | D:5      | Found a shimmering altar of Xom.
  5750 | D:5      | Found a glowing drain.
  5770 | Sewer    | Entered a sewer
  5895 | Sewer    | Noticed Purgy
  5903 | Sewer    | Killed Purgy
  6636 | D:6      | Reached XP level 8. HP: 59/59 MP: 17/20
  6728 | D:6      | Reached skill level 6 in Fire Magic
  6779 | D:6      | Noticed Blork the orc
  6795 | D:6      | Killed Blork the orc
  7046 | D:6      | Reached skill level 1 in Short Blades
  7122 | D:6      | Reached skill level 5 in Dodging
  7284 | D:7      | Learned a level 3 spell: Dazzling Spray
  7829 | D:7      | Found a sand-covered staircase.
  7837 | Ossuary  | Entered an ossuary
  8620 | Ossuary  | Reached XP level 9. HP: 64/64 MP: 19/23
  9285 | D:7      | Reached skill level 7 in Fire Magic
  9509 | D:8      | Reached skill level 5 in Spellcasting
  9509 | D:8      | Reached skill level 1 in Hexes
  9774 | D:8      | Noticed Dowan
  9782 | D:8      | Noticed Duvessa
  9787 | D:8      | Killed Duvessa
  9793 | D:8      | Killed Dowan
 10042 | D:8      | Found a deep blue altar of Sif Muna.
 10159 | D:8      | Found a glowing silver altar of Zin.
 10744 | D:8      | Found a staircase to the Lair.
 11222 | Lair:1   | Entered Level 1 of the Lair of Beasts
 11235 | Lair:1   | Reached XP level 10. HP: 66/73 MP: 7/26
 11249 | Lair:1   | Reached skill level 8 in Fire Magic
 11252 | Lair:1   | Reached skill level 1 in Evocations
 11518 | Lair:1   | Got a thick robe
 11530 | Lair:1   | Identified the +5 robe of Space {rF++ Int+1} (You found it on level 1 of the Lair of Beasts)
 11752 | Lair:1   | Noticed a black mamba
 11759 | Lair:1   | Killed a black mamba
 11759 | Lair:1   | Reached skill level 5 in Conjurations
 12273 | Lair:1   | Noticed a spiny frog
 12280 | Lair:1   | Killed a spiny frog
 13133 | Lair:2   | Reached skill level 9 in Fire Magic
 13155 | Lair:2   | Reached XP level 11. HP: 74/79 MP: 2/28
 13457 | Lair:1   | Learned a level 1 spell: Magic Dart
 13463 | Lair:1   | Learned a level 5 spell: Iskenderun's Battlesphere
 14283 | Lair:3   | Noticed a five-headed hydra
 14294 | Lair:3   | Killed a six-headed hydra
 14661 | Lair:3   | Upgraded the game from 0.15.0-14-g6bbbb5c to 0.15.0-16-gce31824
 16056 | Lair:2   | Reached skill level 1 in Charms
 17133 | Lair:2   | Learned a level 4 spell: Summon Lightning Spire
 18723 | Lair:3   | Reached XP level 12. HP: 88/88 MP: 21/30
 18728 | Lair:3   | Reached skill level 1 in Air Magic
 19715 | Lair:4   | Noticed a seven-headed hydra
 19723 | Lair:4   | Killed a seven-headed hydra
 19923 | Lair:4   | Found a staircase to the Snake Pit.
 20600 | Lair:4   | Noticed a four-headed hydra
 20606 | Lair:4   | Killed a four-headed hydra
 21710 | Lair:4   | Reached skill level 1 in Summonings
 22306 | Lair:4   | Learned a level 6 spell: Poisonous Cloud
 22449 | Lair:5   | Noticed Maud
 22739 | Lair:5   | Gained mutation: You have sharp toenails. [mutagenic glow]
 23357 | Lair:5   | Reached skill level 10 in Dodging
 23500 | Lair:5   | Noticed an eight-headed hydra
 23508 | Lair:5   | Killed an eight-headed hydra
 23508 | Lair:5   | Reached skill level 1 in Poison Magic
 23815 | Lair:5   | Reached XP level 13. HP: 64/93 MP: 0/32
 24110 | Lair:5   | Found a staircase to the Shoals.
 24717 | Lair:6   | Found a staircase to the Snake Pit.
 25669 | Lair:6   | Noticed Fannar
 25836 | Lair:6   | the staircase to the Snake Pit was a mimic.
 26864 | Lair:7   | Noticed Erica
 26980 | Lair:7   | Killed Erica
 27672 | Lair:7   | Found a glowing silver altar of Zin.
 27802 | Lair:7   | Reached skill level 10 in Conjurations
 28101 | Lair:8   | Entered Level 8 of the Lair of Beasts
 29090 | Lair:8   | Found a viscous altar of Jiyva.
 29090 | Lair:8   | Found a staircase to the Slime Pits.
 29243 | Lair:8   | Reached skill level 5 in Air Magic
 31495 | D:9      | Identified a scroll of acquirement
 32289 | D:9      | Got a sparkling tin ring
 32291 | D:9      | Identified the ring of Nemelex Xobeh's Favour {-Tele Stlth+} (You found it on level 9 of the Dungeon)
 32579 | D:10     | Entered Level 10 of the Dungeon
 32629 | D:10     | Paralysed by a yellow wasp for 3 turns
 33946 | D:10     | Reached XP level 14. HP: 102/102 MP: 23/33
 34626 | D:11     | Reached skill level 10 in Spellcasting
 35011 | D:11     | Got a shimmering iron ring
 35013 | D:11     | Identified the ring "Adecaneuss" {Str+4 Int+4} (You found it on level 11 of the Dungeon)
 36075 | D:12     | Got a fine helmet
 36086 | D:12     | Identified the +1 helmet "Gecud" {rF+ Dex+3} (You found it on level 12 of the Dungeon)
 36219 | D:12     | Found a staircase to the Orcish Mines.
 36230 | Orc:1    | Entered Level 1 of the Orcish Mines
 36353 | Orc:1    | Noticed Erolcha
 36360 | Orc:1    | Killed Erolcha
 36839 | Orc:2    | Noticed Grum
 36840 | Orc:2    | Found Medol's Assorted Antiques.
 36845 | Orc:2    | Killed Grum
 36966 | Orc:2    | Found Phoeluzi's Distillery.
 36968 | Orc:2    | Found Pruet's General Store.
 37012 | Orc:2    | Bought a potion of haste for 98 gold pieces
 37021 | Orc:2    | Bought a scroll of identify for 28 gold pieces
 37246 | Orc:3    | Reached skill level 11 in Dodging
 37538 | Orc:3    | Learned a level 6 spell: Freezing Cloud
 37891 | Orc:4    | Entered Level 4 of the Orcish Mines
 37897 | Orc:4    | Found Xuxeusam's Assorted Antiques.
 37967 | Orc:4    | Found Blaa's Gadget Boutique.
 38083 | Orc:4    | Noticed Urug
 38090 | Orc:4    | Killed Urug
 38092 | Orc:4    | Found a staircase to the Elven Halls.
 38097 | Orc:4    | Noticed Donald
 38279 | Orc:4    | Found Thraiff's Distillery.
 38290 | Orc:4    | Found Klathrea's General Store.
 38341 | Orc:4    | Killed Donald
 38611 | Orc:4    | Found Boant's Book Boutique.
 39394 | Orc:3    | Found a radiant altar of Vehumet.
 40268 | Orc:4    | Found Xuonetat's Weapon Boutique.
 40268 | Orc:4    | Found Rayffob's Antique Weapon Boutique.
 40269 | Orc:4    | Found Vieli's Food Emporium.
 40270 | Orc:4    | Found Chacw's Antique Weapon Emporium.
 40509 | Orc:4    | Bought a potion of resistance for 119 gold pieces
 40509 | Orc:4    | Bought a potion of heal wounds for 51 gold pieces
 40509 | Orc:4    | Bought a potion of haste for 119 gold pieces
 40563 | Elf:1    | Entered Level 1 of the Elven Halls
 40569 | Elf:1    | Reached skill level 1 in Ice Magic
 40573 | Elf:1    | Reached skill level 5 in Stealth
 41305 | Elf:1    | Found Fruapt's Antique Armour Shop.
 41364 | Elf:1    | Bought a dazzling cloak for 304 gold pieces
 41378 | Elf:1    | Identified the +1 cloak "Zeas" {+Inv rC+ Curse} (You bought it in a shop on level 1 of the Elven Halls)
 41384 | Elf:1    | Bought a glowing cloak for 144 gold pieces
 41538 | Elf:1    | Paralysed by an orc sorcerer for 3 turns
 42262 | Elf:1    | Learned a level 5 spell: Shadow Creatures
 43091 | Elf:2    | Found a frozen archway.
 43884 | Orc:4    | Bought a bread ration for 65 gold pieces
 43892 | Orc:4    | Bought a potion of brilliance for 42 gold pieces
 43892 | Orc:4    | Bought a potion of restore abilities for 51 gold pieces
 43892 | Orc:4    | Bought a potion of curing for 34 gold pieces
 43892 | Orc:4    | Bought 2 potions of agility for 85 gold pieces
 43892 | Orc:4    | Bought a potion of curing for 34 gold pieces
 43992 | Orc:2    | Found Smebeu's Weapon Shoppe.
 44079 | Orc:2    | Found Causuclah's Antique Armour Emporium.
 44100 | Orc:2    | Bought a runed cloak for 90 gold pieces
 44319 | Orc:2    | Bought a potion of brilliance for 35 gold pieces
 44319 | Orc:2    | Bought a potion of curing for 28 gold pieces
 44319 | Orc:2    | Bought a potion of curing for 28 gold pieces
 44319 | Orc:2    | Bought 2 potions of agility for 70 gold pieces
 44319 | Orc:2    | Bought a potion of might for 35 gold pieces
 44319 | Orc:2    | Bought a potion of haste for 98 gold pieces
 44319 | Orc:2    | Bought a potion of agility for 35 gold pieces
 44319 | Orc:2    | Bought a potion of curing for 28 gold pieces
 44319 | Orc:2    | Bought a potion of brilliance for 35 gold pieces
 44325 | Orc:2    | Bought a bread ration for 70 gold pieces
 44366 | Orc:2    | Bought a potion of magic for 187 gold pieces
 44366 | Orc:2    | Bought a potion of heal wounds for 102 gold pieces
 44513 | Elf:3    | Entered Level 3 of the Elven Halls
 44803 | Elf:3    | Reached XP level 15. HP: 80/107 MP: 13/35
 45004 | Elf:3    | Noticed a deep elf sorcerer
 45007 | Elf:3    | Gained mutation: Your spells are a little easier to cast, but a little less powerful. [mutagenic glow]
 45332 | Elf:3    | Noticed a deep elf blademaster
 45344 | Elf:3    | Killed a deep elf blademaster
 45641 | Elf:3    | Cast into the Abyss (deep elf demonologist)
 45869 | Abyss:1  | Got a crystal falchion
 45870 | Abyss:1  | Identified the +12 falchion "Ytihump" {venom, +Blink +Rage rF+} (You found it on level 1 of the Abyss)
 45911 | Abyss:1  | Gained mutation: You are weak. (Str -2) [a neqoxec]
 45922 | Abyss:1  | Noticed a tentacled starspawn
 45929 | Abyss:1  | HP: 3/107 [tentacled starspawn (28)]
 45946 | Abyss:1  | Noticed a tentacled starspawn
 46036 | Abyss:1  | Noticed a tentacled starspawn
 46061 | Elf:3    | Escaped the Abyss
 46124 | Elf:3    | Noticed a deep elf sorcerer
 46315 | Elf:3    | Noticed a deep elf sorcerer
 46615 | Elf:3    | Killed a deep elf sorcerer
 46782 | Elf:3    | Noticed a deep elf sorcerer
 46795 | Elf:3    | Killed a deep elf sorcerer
 46917 | Elf:3    | Killed from afar by a deep elf sorcerer

Action                   |  1- 3 |  4- 6 |  7- 9 | 10-12 | 13-15 || total
-------------------------+-------+-------+-------+-------+-------++-------
Melee: Unarmed           |     3 |       |       |       |       ||     3
       Club              |     2 |       |       |       |       ||     2
       Mace              |    23 |       |       |       |       ||    23
       Dagger            |       |    50 |       |       |       ||    50
       Spear             |       |     3 |    31 |       |       ||    34
       Cutlass           |       |       |   162 |   244 |   553 ||   959
 Cast: Flame Tongue      |    59 |   120 |   227 |   212 |   112 ||   730
       Sticky Flame      |       |     5 |    24 |    67 |    67 ||   163
       Fireball          |       |     1 |    11 |    51 |   120 ||   183
       Dazzling Spray    |       |       |    33 |   129 |   265 ||   427
       Magic Dart        |       |       |       |   193 |   282 ||   475
       Iskenderun's Batt |       |       |       |    53 |    50 ||   103
       Summon Lightning  |       |       |       |    20 |    41 ||    61
       Poisonous Cloud   |       |       |       |       |     7 ||     7
       Freezing Cloud    |       |       |       |       |    48 ||    48
       Shadow Creatures  |       |       |       |       |    53 ||    53
 Abil: Evoke Invisibilit |       |       |       |       |     3 ||     3
       Evoke Blink       |       |       |       |       |     1 ||     1
Evoke: Wand              |       |     1 |    10 |    32 |    17 ||    60
  Use: Potion            |     1 |       |       |     3 |    30 ||    34
       Scroll            |       |    14 |    11 |    16 |    33 ||    74
 Stab: Distracted        |       |     1 |       |       |     3 ||     4
       Sleeping          |       |       |    11 |     1 |     8 ||    20
       Invisible         |       |       |     1 |     3 |    11 ||    15
  Eat: Chunk             |     1 |     1 |     3 |    15 |    15 ||    35
       Meat ration       |     1 |     1 |     3 |     6 |     5 ||    16
       Beef jerky        |       |     1 |     1 |     1 |     1 ||     4
       Bread ration      |       |     1 |     1 |     2 |    12 ||    16
       Pizza             |       |     1 |       |     1 |       ||     2
       Fruit             |       |       |     1 |    10 |     1 ||    12
       Royal jelly       |       |       |       |       |     1 ||     1
